 Dungeon Sprint DCSS version 0.17-a0-2002-g92c7e20 (webtiles) character file.

310 Kidiri the Covert (level 6, -19/28 HPs)
             Began as a Spriggan Enchanter on Oct 8, 2015.
             Was an Initiate of Dithmenos.
             Demolished by a spatial vortex (21 damage)
             ... in the Dungeon (Sprint III: "The Ten Rune Challenge").
             The game lasted 00:02:25 (226 turns).

Kidiri the Covert (Spriggan Enchanter)               Turns: 226, Time: 00:02:26

Health: -19/28     AC:  4    Str:  4    XL:     6   Next: 18%
Magic:  3/17       EV: 24    Int: 17    God:    Dithmenos [......]
Gold:   25         SH:  0    Dex: 18    Spells: 5 memorised, 7 levels left

rFire  . . .     SeeInvis +     a - +1 dagger
rCold  . . .     Clarity  .     b - +1 robe
rNeg   . . .     SustAt   .     (shield restricted)
rPois  .         Gourm    .     (helmet restricted)
rElec  .         Spirit   .     n - +0 cloak
rCorr  .         Warding  .     (gloves unavailable)
rMut   .         NoTele   +     (boots unavailable)
MR     +....                    (no amulet)
Stlth  +++++.....               (no ring)
                                (no ring)

@: very quick, somewhat resistant to hostile enchantments, quite stealthy
A: unfitting armour, see invisible, herbivore 3, speed 3, slow metabolism 2
a: Renounce Religion


You were in the Dungeon.
You worshipped Dithmenos.
Dithmenos was noncommittal.
You were not hungry.

You visited 1 branch You collected 25 gold pieces.

Inventory:

Hand Weapons
 a - a +1 dagger (weapon)
Armour
 b - a +1 robe (worn)
 n - a +0 cloak (worn)
Scrolls
 j - a scroll of blinking
 p - 2 scrolls of holy word {unknown}
 q - a scroll of fog {unknown}
 r - 2 scrolls of remove curse {unknown}
Potions
 e - 2 potions of curing
 f - 2 potions of heal wounds
 g - a potion of haste
 h - 4 potions of magic
 i - a potion of berserk rage
 k - a potion of flight
 s - a potion of cure mutation
Books
 c - a book of Maledictions

   Spells                             Type                      Level
   a - Corona                         Hexes                        1
   b - Ensorcelled Hibernation        Hexes/Ice                    2
   c - Confuse                        Hexes                        3
   d - Tukima's Dance                 Hexes                        3
   e - Dazzling Spray                 Conjuration/Hexes            3
Comestibles
 d - a bread ration
 l - a royal jelly


   Skills:
 * Level 6.0 Short Blades
 + Level 2.6 Armour
 * Level 8.3 Dodging
 * Level 9.6 Stealth
 * Level 7.0 Spellcasting
 + Level 1.9 Conjurations
 + Level 5.9 Hexes
 + Level 2.4 Ice Magic
 + Level 0.0 Invocations


You had 7 spell levels left.
You knew the following spells:

 Your Spells              Type           Power        Failure   Level  Hunger
a - Corona                Hex            ####...      1%          1    None
b - Ensorcelled Hibernat  Hex/Ice        ###...       3%          2    None
c - Confuse               Hex            ####....     3%          3    ##.....
d - Tukima's Dance        Hex            ####....     3%          3    ##.....
e - Dazzling Spray        Conj/Hex       ###.....     10%         3    ##.....


Dungeon Overview and Level Annotations

Branches:
Dungeon (1/1)

Altars:
Dithmenos
Gozag
Makhleb
Nemelex Xobeh
Qazlal
Ru
Xom
Jiyva
Lugonu


Innate Abilities, Weirdness & Mutations

You are tiny and cannot use many weapons and most armour.
You have supernaturally acute eyesight.
You are a herbivore.
You cover ground extremely quickly.
You need consume almost no food.


Message History

Casting: Dazzling Spray
Confirm with . or Enter, or press ? or * to list all spells.
Aiming: Dazzling Spray
Press: ? - help, Shift-Dir - straight line, f/p - spatial vortex
Aim: a spatial vortex (lightly damaged)
The spray of energy hits the spatial vortex.
The spatial vortex is moderately damaged.
Casting: Dazzling Spray
Confirm with . or Enter, or press ? or * to list all spells.
Aiming: Dazzling Spray
Press: ? - help, Shift-Dir - straight line, f/p - spatial vortex
Aim: a spatial vortex (moderately damaged)
The spray of energy hits the spatial vortex.
The spatial vortex is moderately damaged.
The spatial vortex hits you!!
Ouch! That really hurt!
* * * LOW HITPOINT WARNING * * *
Space warps horribly around you!
Ouch! That really hurt!
You die...

#### ##.# ...#####..#
....#%.#..#
#...#..#..###+#+###+##
##..##+#..#..........#
##..###...'.⌠........#
#..####.%.#...######'#
#..###....#.⌠.#_v#...#
%..##.....#...#_@#...#
...#......#+###__#...#
.##.#..%..# #__#...+
.#####....# #_.'...#
▓▓ ▓▓▓▓▓▓ ▓▓▓▓▓▓▓▓


You could see a spatial vortex.

Vanquished Creatures
  A shadow (D)
  A water elemental (D)
  A jelly (D)
  Crazy Yiuf (D)
  Jessica (D)
  A human (D)
  3 rats (D)
9 creatures vanquished.

Vanquished Creatures (others)
  A yaktaur (D)
1 creature vanquished.

Grand Total: 10 creatures vanquished

Notes
Turn   | Place    | Note
--------------------------------------------------------------
     0 | D        | Kidiri the Spriggan Enchanter began the quest for the Orb.
     0 | D        | Reached XP level 1. HP: 9/9 MP: 5/5
    46 | D        | Noticed Jessica
    50 | D        | Killed Jessica
    50 | D        | Reached skill level 1 in Armour
    50 | D        | Reached skill level 6 in Stealth
    50 | D        | Reached XP level 2. HP: 13/13 MP: 6/8
    56 | D        | Learned a level 2 spell: Ensorcelled Hibernation
    72 | D        | Noticed Crazy Yiuf
    75 | D        | Killed Crazy Yiuf
    75 | D        | Reached skill level 5 in Dodging
    75 | D        | Reached XP level 3. HP: 16/16 MP: 10/10
    80 | D        | Reached skill level 7 in Stealth
    80 | D        | Reached XP level 4. HP: 21/21 MP: 8/11
    87 | D        | Learned a level 3 spell: Confuse
    91 | D        | Learned a level 3 spell: Tukima's Dance
    95 | D        | Learned a level 3 spell: Dazzling Spray
   137 | D        | Gained mutation: Your spells are a little harder to cast, but a little more powerful. [potion of mutation]
   137 | D        | Lost mutation: Your spells are a little harder to cast, but a little more powerful. [potion of mutation]
   138 | D        | Gained mutation: Armour fits poorly on your strangely shaped body. [potion of mutation]
   138 | D        | Gained mutation: Your flesh is cold resistant. [potion of mutation]
   138 | D        | Gained mutation: You are weak. (Str -2) [potion of mutation]
   139 | D        | Lost mutation: Armour fits poorly on your strangely shaped body. [potion of cure mutation]
   139 | D        | Lost mutation: You are weak. (Str -2) [potion of cure mutation]
   139 | D        | Lost mutation: Your flesh is cold resistant. [potion of cure mutation]
   148 | D        | Noticed a water elemental
   151 | D        | Killed a water elemental
   151 | D        | Reached skill level 5 in Spellcasting
   151 | D        | Reached skill level 5 in Hexes
   151 | D        | Reached skill level 1 in Ice Magic
   162 | D        | Noticed a jelly
   163 | D        | Noticed a shadow
   165 | D        | Killed a shadow
   165 | D        | Reached skill level 5 in Short Blades
   165 | D        | Reached skill level 8 in Dodging
   165 | D        | Reached skill level 9 in Stealth
   165 | D        | Reached skill level 1 in Conjurations
   165 | D        | Reached XP level 5. HP: 24/24 MP: 13/15
   165 | D        | Reached XP level 6. HP: 28/28 MP: 13/16
   170 | D        | Killed a jelly
   206 | D        | Killed a yaktaur
   215 | D        | Found a stormy altar of Qazlal.
   216 | D        | Found a sacrificial altar of Ru.
   216 | D        | Found a burning altar of Makhleb.
   216 | D        | Found a viscous altar of Jiyva.
   216 | D        | Found a shimmering altar of Xom.
   216 | D        | Found a shadowy altar of Dithmenos.
   216 | D        | Found a sparkling altar of Nemelex Xobeh.
   216 | D        | Found a corrupted altar of Lugonu.
   216 | D        | Found an opulent altar of Gozag.
   216 | D        | Noticed a spatial vortex
   221 | D        | Became a worshipper of Dithmenos the Shadowed
   226 | D        | Demolished by a spatial vortex

Vault maps used:
D:        dungeon_sprint_mu

Action                   |  1- 3 |  4- 6 || total
-------------------------+-------+-------++-------
Melee: Dagger            |     9 |     4 ||    13
 Cast: Ensorcelled Hiber |     1 |     2 ||     3
       Dazzling Spray    |       |     4 ||     4
  Use: Potion            |       |     3 ||     3
       Scroll            |       |     2 ||     2
 Stab: Sleeping          |     4 |     3 ||     7
